 Dungeon Crawl Stone Soup version 0.25.0-9-g26727b657a (webtiles) character file.

Game seed: 13464665181441116580

56329 Flugkiller the Severer (level 14, -2/118 HPs)
             Began as a Deep Dwarf Fighter on June 20, 2020.
             Was a High Priest of Makhleb.
             Slain by Donald
             ... wielding a +0 eveningstar
              (37 damage)
             ... on level 2 of the Orcish Mines.
             The game lasted 00:11:10 (13285 turns).

Flugkiller the Severer (Deep Dwarf Fighter)        Turns: 13285, Time: 00:11:10

Health: -2/118     AC: 19    Str: 25    XL:     14   Next: 41%
Magic:  9/9        EV: 12    Int:  9    God:    Makhleb [*****.]
Gold:   1253       SH: 13    Dex: 12    Spells: 13/13 levels left

rFire    . . .     SeeInvis .   m - +0 war axe (freeze)
rCold    . . .     Gourm    .   c - +0 kite shield
rNeg     + . .     Faith    .   l - +0 chain mail
rPois    +         Spirit   .   (no helmet)
rElec    .         Reflect  .   k - +2 cloak
rCorr    .         Harm     .   n - +2 pair of gloves
MR       ++...                  (no boots)
Stlth    ..........             (no amulet)
HPRegen  0.00/turn              v - +4 ring of evasion
MPRegen  0.11/turn              o - ring of poison resistance

@: non-regenerating
A: damage resistance, heal wounds, claws 1, camouflage 1, frail 1, negative
energy resistance 1, sense surroundings 2, MP-powered wands, no regeneration
a: Heal Wounds, Minor Destruction, Lesser Servant of Makhleb, Major Destruction,
Greater Servant of Makhleb, Renounce Religion


You were on level 2 of the Orcish Mines.
You worshipped Makhleb.
Makhleb was extremely pleased with you.
You were not hungry.

You visited 4 branches of the dungeon, and saw 20 of its levels.
You also visited: Ossuary and Bailey.

You collected 1389 gold pieces.
You spent 136 gold pieces at shops.

Inventory:

Hand Weapons
 m - a +0 war axe of freezing (weapon)
   (You bought it in a shop on level 6 of the Dungeon)
 A - a +2 broad axe
   (You took it off a kobold demonologist in a bailey)
Armour
 c - a +0 kite shield (worn)
 k - a +2 cloak (worn)
   (You found it on level 6 of the Dungeon)
 l - a +0 chain mail (worn)
   (You took it off Terence on level 2 of the Dungeon)
 n - a +2 pair of gloves (worn)
   (You found it on level 3 of the Dungeon)
Jewellery
 i - an uncursed ring of see invisible
   (You found it on level 5 of the Lair of Beasts)
 o - a ring of poison resistance (right hand)
   (You found it on level 8 of the Dungeon)
 v - a +4 ring of evasion (left hand)
   (You found it on level 8 of the Dungeon)
 N - an uncursed ring of magical power
   (You found it on level 4 of the Lair of Beasts)
Wands
 g - a wand of iceblast (9)
   (You found it on level 2 of the Dungeon)
 y - a wand of paralysis (14)
   (You found it on level 7 of the Dungeon)
 D - a wand of clouds (5)
   (You found it on level 8 of the Dungeon)
 J - a wand of acid (4)
   (You took it off a kobold on level 10 of the Dungeon)
Scrolls
 a - 5 scrolls of magic mapping
 f - a scroll of enchant armour
 r - 8 scrolls of identify
 t - 11 scrolls of teleportation
 z - 3 scrolls of blinking
 B - a scroll of fog
 E - 2 scrolls of vulnerability
 G - a scroll of holy word
 I - 2 scrolls of fear
 L - a scroll of immolation
Potions
 b - 3 potions of magic
 d - 3 potions of might
 h - 2 potions of haste
 j - 2 potions of brilliance
 p - a potion of lignification
 q - 10 potions of curing
 s - 3 potions of stabbing
 u - 2 potions of ambrosia
 w - 6 potions of heal wounds
 C - 3 potions of cancellation
 F - a potion of invisibility
 K - 4 potions of flight
Comestibles
 e - 25 rations
 x - 8 chunks of flesh


   Skills:
 + Level 10.2 Fighting
 * Level 15.8 Axes
 + Level 11.9 Armour
 + Level 11.9 Shields
 + Level 12.9 Invocations


You had 13 spell levels left.
You didn't know any spells.
Your spell library was empty.

Dungeon Overview and Level Annotations

Branches:
Dungeon (11/15)            Temple (1/1) D:4            Lair (6/6) D:11
  Swamp (0/4) Lair:3        Snake (0/4) Lair:2        Slime (0/5) Lair:5
    Orc (2/2) D:11            Elf (0/3) Orc:2       Ossuary (visited)
 Bailey (visited)

Altars:
Cheibriados
Fedhas
Gozag
Hepliaklqana
Kikubaaqudgha
Makhleb
Nemelex Xobeh
Okawaru
Qazlal
Ru
Sif Muna
Uskayaw
Wu Jian
Xom
Yredelemnul
Zin
The Shining One
Jiyva

Shops:
D:6 (   D:8 *

Annotations:
Lair:3 exclusion: oklob plant
Lair:4 1 runed translucent door, Kuerar's ghost, journeyman BaFi
Orc:2 Donald


Innate Abilities, Weirdness & Mutations

You are resistant to damage.
You can heal yourself by infusing magical energy.
You resist negative energy. (rN+)
You passively map the area around you.
You do not regenerate.
You have sharp fingernails.
Your skin changes colour to match your surroundings (Stealth+).
You are frail. (-10% HP)
You expend magic power (3 MP) to strengthen your wands.


Message History

A demon appears!
You block Donald's attack. Donald blocks your attack.
Donald is heavily wounded.
Donald says, "I think I'm starting to get a cough.
I hate that."
Donald hits you with a +0 eveningstar!
* * * LOW HITPOINT WARNING * * *
You are too injured to fight recklessly!
You are too injured to fight recklessly!
You are too injured to fight recklessly!
You are too injured to fight recklessly!
You are too injured to fight recklessly!
You are too injured to fight recklessly!
You are too injured to fight recklessly!
You hit Donald. You freeze Donald.
Donald is heavily wounded.
Donald blocks your neqoxec's attack.
You barely miss Donald.
Donald is heavily wounded.
Donald hits you with a +0 eveningstar!!!
You die...

* * * ##.## * #. #.## #. # .
##.^## *, ## * ..., ####....## ,
)###### ... , ##........# ..
.<#.#.##..... #### #........## #.
)))...........#..###.........####
....#.#........3..#.##.........#.
...#.#.........@@................
.....#...................##......
..........#..............###.....
..>.......##..........)..#.......
..........###...........###......
..........##.........).####......
..........#.............#........
.................................
...##<..........#.##.............


You could see Donald (strong) and a friendly neqoxec (summoned).

Vanquished Creatures
  The ghost of Asparus the Eclecticist, a journeyman DEAE of Vehumet (Lair:5)
  An ettin (D:11)
  3 hydras
  4 two-headed ogres
  A catoblepas (Lair:6)
  5 death yaks
  A queen ant (Lair:2)
  A deep troll shaman (Lair:6)
  Pikel (D:6)
  An orc knight (Bailey)
  An orc sorcerer (Bailey)
  An ugly thing (D:11)
  A manticore (D:10)
  8 black mambas
  17 elephants
  Joseph (D:9)
  6 spiny frogs
  Maggie (D:10)
  A kobold demonologist (Bailey)
  3 rime drakes
  5 komodo dragons
  5 polar bears
  3 hornets (D:8)
  A troll (D:9)
  10 hippogriffs
  11 blink frogs
  37 yaks
  2 wraiths
  2 basilisks
  A hungry ghost (D:8)
  4 vampire mosquitoes
  Grum (D:9)
  4 wargs (D:11)
  4 nagas (Lair:2)
  12 soldier ants
  An acid dragon (D:11)
  9 water moccasins
  7 porcupines
  2 ice beasts
  2 black bears
  2 phantoms
  14 orc warriors
  An eye of draining (D:11)
  6 ogres
  2 necrophages
  12 wolves
  3 centaurs
  7 crocodiles
  3 big kobolds (D:10)
  6 bullfrogs
  2 gnoll sergeants
  4 scorpions
  13 killer bees
  15 wights
  2 howler monkeys
  An electric eel (D:10)
  3 bullfrog zombies
  2 crimson imps
  2 quasits
  A centaur zombie (D:6)
  3 hounds
  10 orc priests
  2 bullfrog skeletons
  A centaur skeleton (D:6)
  17 orc wizards
  An iguana (D:8)
  38 worker ants
  Terence (D:2)
  A hound skeleton (D:8)
  2 mummies
  A howler monkey zombie (D:5)
  12 adders
  13 gnolls
  3 shadow imps
  An ooze (D:3)
  2 adder zombies
  2 worms
  6 leopard geckos
  64 orcs
  2 giant cockroaches
  7 goblins
  10 hobgoblins
  5 jackals
  2 quokkas
  4 bats
  3 frilled lizards
  6 gnoll skeletons (Ossuary)
  2 goblin zombies (D:5)
  A jackal skeleton (D:5)
  15 kobolds
  9 kobold skeletons (Ossuary)
  9 orc skeletons (Ossuary)
  A quokka zombie (D:5)
  3 rats
  2 fungi
  6 plants
550 creatures vanquished.

Vanquished Creatures (collateral kills)
  A fire dragon (Lair:2)
  5 hydras
  4 death yaks
  An elephant (Lair:2)
  2 black mambas
  A rime drake (Lair:4)
  A blink frog (Lair:6)
  A hippogriff (Lair:6)
  2 yaks
  A basilisk (Lair:3)
  A hungry ghost (D:8)
  3 water moccasins
  A porcupine (Lair:4)
  An ice beast (D:8)
  4 wolves
  A crocodile (Lair:4)
  A bullfrog (Lair:4)
  A killer bee (D:8)
  2 worker ants (Lair:2)
34 creatures vanquished.

Vanquished Creatures (others)
  A hippogriff (D:11)
  An adder (D:6)
  5 ball lightnings (Lair:5)
  An orc (D:6)
  A ball python (D:5)
  A kobold (D:10)
  2 fungi (Lair:2)
  4 plants
16 creatures vanquished.

Grand Total: 600 creatures vanquished

Notes
Turn   | Place    | Note
-------+----------+-------------------------------------------
     0 | D:1      | Flugkiller the Deep Dwarf Fighter began the quest for the
                  | Orb.
     0 | D:1      | Reached XP level 1. HP: 20/20 MP: 1/1
    96 | D:2      | Reached XP level 2. HP: 14/27 MP: 2/2
   157 | D:2      | Noticed Terence
   177 | D:2      | Killed Terence
   177 | D:2      | Reached skill level 3 in Axes
   177 | D:2      | Reached XP level 3. HP: 27/34 MP: 3/3
   263 | D:2      | Found a basalt altar of Yredelemnul.
   523 | D:2      | Found a faded altar of an unknown god.
   680 | D:3      | Found an iron altar of Okawaru.
   681 | D:3      | Found a sparkling altar of Nemelex Xobeh.
   731 | D:3      | Reached XP level 4. HP: 31/42 MP: 4/4
  1041 | D:4      | Reached skill level 4 in Axes
  1041 | D:4      | Reached XP level 5. HP: 34/49 MP: 4/4
  1137 | D:4      | Found a staircase to the Ecumenical Temple.
  1194 | D:4      | Reached XP level 6. HP: 40/56 MP: 3/3
  1352 | D:4      | Reached skill level 5 in Axes
  1417 | Temple   | Entered the Ecumenical Temple
  1493 | Temple   | Became a worshipper of Makhleb the Destroyer
  1539 | D:4      | Reached skill level 1 in Invocations
  2092 | D:5      | Entered Level 5 of the Dungeon
  2281 | D:5      | Reached XP level 7. HP: 58/64 MP: 3/5
  2378 | D:5      | Found a sand-covered staircase.
  2401 | D:5      | Reached skill level 5 in Armour
  2416 | Ossuary  | Entered an ossuary
  2416 | Ossuary  | Noticed a wraith
  2416 | Ossuary  | Noticed a wraith
  2416 | Ossuary  | Noticed a wraith
  2438 | Ossuary  | Reached skill level 5 in Shields
  2496 | Ossuary  | Noticed a wraith
  2528 | Ossuary  | Killed a wraith
  2528 | Ossuary  | Reached skill level 6 in Axes
  2559 | Ossuary  | Reached * piety under Makhleb
  3042 | D:6      | Noticed Pikel
  3065 | D:6      | Killed Pikel
  3065 | D:6      | Reached skill level 7 in Axes
  3065 | D:6      | Reached XP level 8. HP: 49/73 MP: 7/7
  3301 | D:6      | Reached skill level 5 in Fighting
  3352 | D:6      | Gained mutation: Your spells are a little harder to cast,
                  | but a little more powerful. [potion of mutation]
  3352 | D:6      | Gained mutation: You can translocate small distances at
                  | will. [potion of mutation]
  3352 | D:6      | Gained mutation: You have very sharp teeth. [potion of
                  | mutation]
  3424 | D:6      | Found a stormy altar of Qazlal.
  3425 | D:6      | Lost mutation: You can translocate small distances at will.
                  | [potion of mutation]
  3425 | D:6      | Lost mutation: Your spells are a little harder to cast, but
                  | a little more powerful. [potion of mutation]
  3425 | D:6      | Lost mutation: You have very sharp teeth. [potion of
                  | mutation]
  3425 | D:6      | Gained mutation: You are somewhat resistant to further
                  | mutation. [potion of mutation]
  3425 | D:6      | Gained mutation: You are occasionally teleported next to
                  | monsters. [potion of mutation]
  3536 | D:6      | Found Juemo's Antique Weapon Boutique.
  3539 | D:6      | Bought a glowing war axe for 136 gold pieces
  3783 | D:6      | Found a hazy altar of Hepliaklqana.
  3856 | D:7      | Found an ornate altar of the Wu Jian Council.
  4244 | D:8      | Found a flagged portal.
  4255 | D:8      | Noticed a hornet
  4256 | D:8      | Noticed a two-headed ogre
  4257 | D:8      | Reached skill level 8 in Axes
  4261 | D:8      | Reached ** piety under Makhleb
  4269 | D:8      | Paralysed by a hornet for 2 turns
  4287 | D:8      | Killed a hornet
  4287 | D:8      | Reached skill level 5 in Invocations
  4287 | D:8      | Gained mutation: You passively map the area around you.
                  | [Deep Dwarf growth]
  4287 | D:8      | Reached XP level 9. HP: 48/81 MP: 6/6
  4301 | D:8      | Killed a two-headed ogre
  4318 | Bailey   | Entered a bailey
  4373 | Bailey   | Found an iron altar of Okawaru.
  4373 | Bailey   | Noticed an orc sorcerer
  4373 | Bailey   | Noticed a kobold demonologist
  4375 | Bailey   | Noticed an ice devil
  4390 | Bailey   | Noticed a hellwing
  4392 | Bailey   | Noticed a red devil
  4393 | Bailey   | Killed a kobold demonologist
  4393 | Bailey   | Reached skill level 9 in Axes
  4393 | Bailey   | Killed an orc sorcerer
  4420 | Bailey   | Reached XP level 10. HP: 39/91 MP: 8/8
  4466 | Bailey   | Identified the +7 great sword "Bimnucem" {vorpal, rElec rF-
                  | rN+ Int+4}
  4549 | Bailey   | Reached *** piety under Makhleb
  4693 | Bailey   | Noticed an orc knight
  4726 | Bailey   | Killed an orc knight
  4726 | Bailey   | Reached skill level 10 in Axes
  4733 | Bailey   | Got the +0 cloak of Ceteomp {rPois rC- Int+4}
  4978 | D:8      | Found Zin's Purification Station.
  4980 | D:8      | Found a glowing silver altar of Zin.
  5539 | D:8      | Reached **** piety under Makhleb
  5811 | D:9      | Noticed Joseph
  5818 | D:9      | Killed Joseph
  5867 | D:9      | Noticed Grum
  5870 | D:9      | Noticed a two-headed ogre
  5872 | D:9      | Reached skill level 11 in Axes
  5910 | D:9      | Killed a two-headed ogre
  5910 | D:9      | Reached XP level 11. HP: 59/100 MP: 6/6
  5918 | D:9      | Killed Grum
  6043 | D:9      | Noticed a two-headed ogre
  6050 | D:9      | Killed a two-headed ogre
  6474 | D:10     | Entered Level 10 of the Dungeon
  6633 | D:10     | Noticed Maggie
  6635 | D:10     | Reached ***** piety under Makhleb
  6643 | D:10     | Killed Maggie
  6655 | D:10     | Reached skill level 12 in Axes
  7275 | D:11     | Found a staircase to the Orcish Mines.
  7354 | D:11     | Noticed a two-headed ogre
  7363 | D:11     | Killed a two-headed ogre
  7421 | D:11     | Noticed a red ugly thing
  7437 | D:11     | Killed a red ugly thing
  7437 | D:11     | Reached XP level 12. HP: 89/110 MP: 7/7
  7500 | D:11     | Found a staircase to the Lair.
  7877 | D:11     | Reached skill level 10 in Invocations
  7902 | D:11     | Noticed an ettin
  7929 | D:11     | Killed an ettin
  8087 | Lair:1   | Entered Level 1 of the Lair of Beasts
  8111 | Lair:1   | Reached skill level 13 in Axes
  8133 | Lair:1   | Reached skill level 10 in Armour
  8302 | Lair:1   | Reached skill level 10 in Shields
  8357 | Lair:2   | Noticed a four-headed hydra
  8382 | Lair:2   | Killed a ten-headed hydra
  8481 | Lair:2   | Reached ****** piety under Makhleb
  8596 | Lair:2   | Found a staircase to the Snake Pit.
  8847 | Lair:2   | Noticed a five-headed hydra
  8853 | Lair:2   | Noticed a queen ant
  8882 | Lair:2   | Killed a 16-headed hydra
  8893 | Lair:2   | Killed a queen ant
  8898 | Lair:2   | Reached XP level 13. HP: 73/121 MP: 9/9
  9284 | Lair:2   | Reached skill level 14 in Axes
  9292 | Lair:2   | Noticed a fire dragon
  9309 | Lair:2   | Killed a fire dragon
  9937 | Lair:3   | Found a staircase to the Swamp.
 10150 | Lair:3   | Lost mutation: You are somewhat resistant to further
                  | mutation. [potion of mutation]
 10150 | Lair:3   | Lost mutation: You are occasionally teleported next to
                  | monsters. [potion of mutation]
 10150 | Lair:3   | Gained mutation: You expend magic power (3 MP) to
                  | strengthen your wands. [potion of mutation]
 10150 | Lair:3   | Gained mutation: Your skin changes colour to match your
                  | surroundings (Stealth+). [potion of mutation]
 10150 | Lair:3   | Gained mutation: You are frail. (-10% HP) [potion of
                  | mutation]
 10150 | Lair:3   | Gained mutation: You have sharp fingernails. [potion of
                  | mutation]
 10539 | Lair:4   | Found a runed translucent door.
 10540 | Lair:4   | Found a shimmering altar of Xom.
 10540 | Lair:4   | Noticed Kuerar's ghost (journeyman BaFi)
 11071 | Lair:5   | Reached skill level 15 in Axes
 11163 | Lair:5   | Found a staircase to the Slime Pits.
 11163 | Lair:5   | Found a viscous altar of Jiyva.
 11404 | Lair:5   | Found a large runed translucent door.
 11405 | Lair:5   | Found a large runed translucent door.
 11405 | Lair:5   | Noticed Asparus's ghost (journeyman DEAE)
 11679 | Lair:5   | Killed Asparus's ghost
 11721 | Lair:6   | Entered Level 6 of the Lair of Beasts
 11752 | Lair:6   | Gained mutation: You resist negative energy. (rN+) [Deep
                  | Dwarf growth]
 11752 | Lair:6   | Reached XP level 14. HP: 102/117 MP: 9/9
 11893 | Lair:6   | Reached skill level 10 in Fighting
 12657 | Lair:6   | Noticed an Executioner
 13020 | Orc:1    | Entered Level 1 of the Orcish Mines
 13054 | Orc:2    | Entered Level 2 of the Orcish Mines
 13054 | Orc:2    | Found a staircase to the Elven Halls.
 13270 | Orc:2    | Noticed Donald
 13285 | Orc:2    | Slain by Donald

Illustrated notes

Levels and vault maps discovered:
D:1:      saegor_arrival_simple_e, layout_rooms
D:2:      layout_rooms, tgw_trog, chequers_ecumenical_altar_lobes,
          yredelemnul_altar_generic, uniq_terence
D:3:      layout_loops_corners, nicolae_overflow_hidden_temple, first_ration,
          patterned_corridor
D:4:      layout_gridville, minmay_temple_entry_statues_fountains
D:5:      layout_basic, nicolae_ossuary_entry_giza, lemuel_another_geyser
D:6:      layout_loops_ring, marbit_many_paths, serial_shops,
          kennysheep_mini_moat, nicolae_qazlal_general_emergency, uniq_pikel
D:7:      layout_cave_pools, old_standard_altar
D:8:      layout_basic, zin_purify, enter_bailey_2, hangedman_pestilent_swarm,
          chequers_serial_rivers_micro_e
D:9:      layout_gridville, minmay_misc_feat_tiny, library_closet, uniq_joseph,
          uniq_grum
D:10:     layout_basic, hangedman_decor_clover_reticule, uniq_maggie
D:11:     layout_long_grid, erik_lair_orcish_takeover, erik_orc_4,
          minmay_three_doors
Temple:   eino_temple_scatter_basement
Lair:1:   layout_misc_corridors, serial_forest, infiniplex_forest_lined_room_3,
          infiniplex_forest_clump_tiny, infiniplex_forest_lined_room_,
          infiniplex_forest_lined_3, infiniplex_forest_end_2,
          infiniplex_forest_end_double, infiniplex_forest_lined_1,
          infiniplex_forest_clump_diagonal, uniq_erica
Lair:2:   dragon1_lemuel, layout_loops_ring, minmay_snake_entry_guardpost_small,
          zaba_anthell, grunt_megastairs_3
Lair:3:   layout_roguey, minmay_swamp_entry_swarm, minmay_lair_oklob_chamber,
          grunt_megastairs_2
Lair:4:   layout_loops_ring, ebering_ghost_xom, minmay_holes, st_stairs_10
Lair:5:   layout_concentric_octagons, slime_altar_1, ebering_ghost_disaster_area
Lair:6:   grunt_lair_end_beastmaster, layout_regular_city, serial_bayou_ford_a,
          grunt_megastairs_4
Orc:1:    layout_caves, serial_shops, shop, kennysheep_orc_chapel
Orc:2:    st_orc_open, layout_diamond_mine, basic_altar, uniq_donald,
          uniq_maurice, uniq_snorg

Skill      XL: |  1  2  3  4  5  6  7  8  9 10 11 12 13 14 |
---------------+-------------------------------------------+-----
Fighting       | 3 4 5 6 7 8 9 10 | 10.2
Axes           | 3 4 5 7 8 9 11 12 13 15 | 15.8
Armour         | 4 5 6 7 8 9 10 11 | 11.9
Shields        | 4 5 6 7 8 9 10 11 | 11.9
Invocations    | 1 3 5 6 8 9 11 12 | 12.9

Action                   |  1- 3 |  4- 6 |  7- 9 | 10-12 | 13-15 || total
-------------------------+-------+-------+-------+-------+-------++-------
Melee: War axe           |    87 |   183 |   276 |   965 |   630 ||  2141
Invok: Lesser Servant of |       |       |       |     6 |    11 ||    17
       Greater Servant o |       |       |       |       |     3 ||     3
 Abil: Heal Wounds       |     1 |     7 |    10 |    30 |    14 ||    62
Evoke: Wand              |       |       |     9 |     1 |     3 ||    13
  Use: Scroll            |     2 |       |    15 |    13 |     3 ||    33
       Potion            |       |       |     4 |     1 |     1 ||     6
 Stab: Paralysed         |       |       |     2 |       |       ||     2
       Distracted        |       |       |       |     1 |     2 ||     3
       Petrified         |       |       |       |       |     7 ||     7
       Petrifying        |       |       |       |       |     3 ||     3
  Eat: Chunk             |       |     4 |     5 |    22 |    12 ||    43
       Ration            |       |       |     1 |       |     1 ||     2
Armor: Scale mail        |    22 |       |       |       |       ||    22
       Chain mail        |    16 |   136 |   216 |   573 |   277 ||  1218
Dodge: Dodged            |    29 |    46 |    78 |   553 |   267 ||   973
Block: Kite shield       |    62 |   135 |   202 |   781 |   406 ||  1586
